 Dungeon Crawl Stone Soup version 0.24.0-123-gd5b16e6ec5 (webtiles) character file.

Game seed: 5554092280066837608, levelgen mode: deterministic

49 Bergy the Cudgeler (level 3, 0/23 HPs)
             Began as a Gargoyle Fighter on Dec 25, 2019.
             Slain by Crazy Yiuf
             ... wielding a +3 quarterstaff of chaos
              (2 damage)
             ... on level 2 of the Dungeon.
             The game lasted 00:03:13 (1414 turns).

Bergy the Cudgeler (Gargoyle Fighter)               Turns: 1414, Time: 00:03:13

Health: 0/23       AC: 10    Str: 20    XL:     3   Next: 77%
Magic:  3/3        EV:  7    Int:  8    God:
Gold:   140        SH:  9    Dex:  9    Spells: 2/2 levels left

rFire    . . .     SeeInvis .   a - +0 flail
rCold    . . .     Gourm    .   c - +0 shield
rNeg     + . .     Faith    .   b - +0 scale mail
rPois    ∞         Spirit   .   (no helmet)
rElec    +         Reflect  .   (no cloak)
rCorr    .         Harm     .   (no gloves)
MR       +....                  (no boots)
Stlth    ..........             (no amulet)
HPRegen  0.07/turn              n - ring of protection from magic
MPRegen  0.08/turn              (no ring)

@: no status effects
A: negative energy resistance 1, electricity resistance, unbreathing,
petrification resistance, rot immunity, AC +3
a: no special abilities


You were on level 2 of the Dungeon.
You were not hungry.

You visited 1 branch of the dungeon, and saw 2 of its levels.

You collected 140 gold pieces.

Inventory:

Hand Weapons
 a - a +0 flail (weapon)
Armour
 b - a +0 scale mail (worn)
 c - a +0 shield (worn)
Jewellery
 n - a ring of protection from magic (left hand)
Scrolls
 e - a scroll of amnesia {unknown}
 h - a scroll of fear {unknown}
 l - 2 scrolls of identify
Potions
 d - 2 potions of might
 g - a potion of agility {unknown}
 i - 2 potions of curing {unknown}
 j - a potion of berserk rage {unknown}
 k - 2 potions of resistance {unknown}
 m - a potion of mutation {unknown}
Comestibles
 f - 3 rations
 o - a chunk of flesh


   Skills:
 - Level 3.2 Fighting
 * Level 4.0 Maces & Flails
 - Level 3.2 Armour
 - Level 3.2 Shields


You had 2 spell levels left.
You didn't know any spells.
Your spell library was empty.

Dungeon Overview and Level Annotations

Branches:
Dungeon (2/15)

Altars:

Annotations:
D:2 Crazy Yiuf


Innate Abilities, Weirdness & Mutations

You are resistant to torment.
Your stone body is resilient. (AC +3)
You are immune to poison.
You resist negative energy. (rN+)
You are resistant to electric shocks. (rElec)
You can survive without breathing.
You are immune to petrification.
You are immune to rotting.


Message History

You block Crazy Yiuf's attack.
You hit Crazy Yiuf.
Crazy Yiuf is severely wounded.
You block Crazy Yiuf's attack.
Your shield and scale mail prevent you from hitting Crazy Yiuf.
Crazy Yiuf is severely wounded.
Crazy Yiuf hits you with a +3 quarterstaff of chaos.
You closely miss Crazy Yiuf.
Crazy Yiuf is severely wounded.
Crazy Yiuf hits you with a +3 quarterstaff of chaos.
* * * LOW HITPOINT WARNING * * *
You hit Crazy Yiuf but do no damage.
Crazy Yiuf is severely wounded.
You block Crazy Yiuf's attack.
You closely miss Crazy Yiuf.
Crazy Yiuf is severely wounded.
Crazy Yiuf misses you.
Crazy Yiuf screams, "Citrus chair hog!"
Crazy Yiuf hits you with a +3 quarterstaff of chaos.
You die...

......# ##.......######
###...#. ....).#
###..#........###.....#.
###.###
#...##...............##.
#..))#
##################.####.
#...)# #>..# #. #....#
#######...# #. #....#
### ###.#.)))...# #.
#.....
#...##..#........# #.
#....##
#...g@####...)...# ##
#....# #)..### ###.....#
#....# ### ###...#
#....# #...# #....#
#...# #...# #####


You could see Crazy Yiuf.

Vanquished Creatures
  An ooze (D:1)
  3 dart slugs (D:1)
  2 leopard geckos
  5 bats
  3 giant cockroaches
  2 goblins
  6 hobgoblins
  A quokka (D:2)
  4 frilled lizards
  8 kobolds
  4 rats (D:1)
39 creatures vanquished.

Notes
Turn   | Place    | Note
-------+----------+-------------------------------------------
     0 | D:1      | Bergy the Gargoyle Fighter began the quest for the Orb.
     0 | D:1      | Reached XP level 1. HP: 14/14 MP: 1/1
    79 | D:1      | You fall into a shaft and drop 1 floor!
    92 | D:2      | Reached XP level 2. HP: 13/19 MP: 2/2
   327 | D:1      | Reached skill level 3 in Maces & Flails
   482 | D:1      | Reached XP level 3. HP: 23/23 MP: 3/3
  1356 | D:2      | Reached skill level 4 in Maces & Flails
  1401 | D:2      | Found a runed translucent door.
  1402 | D:2      | Noticed Crazy Yiuf
  1414 | D:2      | Slain by Crazy Yiuf

Levels and vault maps discovered:
D:1:      onia_arrival_pyramid, layout_basic
D:2:      layout_rooms, uniq_crazy_yiuf_cottage

Skill      XL: |  1  2  3 |
---------------+----------+-----
Maces & Flails | 3 4 |  4.0
Fighting       | |  3.2
Armour         | |  3.2
Shields        | |  3.2

Action                   || total
-------------------------++-------
Melee: Flail             ||   136
  Use: Scroll            ||     1
  Eat: Chunk             ||     2
Armor: Scale mail        ||    86
Dodge: Dodged            ||    59
Block: Shield            ||    77
